 Dungeon Crawl Stone Soup version 0.29-a0-973-gac7da5f7f0 (webtiles) character file.

Game seed: 16991041593001177990

2 vurker the Sneak (level 1, -1/15 HPs)
             Began as a Minotaur Enchanter on July 31, 2022.
             Slain by a hobgoblin (4 damage)
             ... on level 1 of the Dungeon.
             The game lasted 00:00:18 (47 turns).

vurker the Sneak (Minotaur Enchanter)                 Turns: 47, Time: 00:00:19

Health: -1/15      AC:  2    Str: 12    XL:     1   Next: 33%
Magic:  1/1        EV: 12    Int: 12    God:
Gold:   0          SH:  0    Dex: 10    Spells: 2/2 levels left

rFire   . . .      SeeInvis .   a - +1 dagger
rCold   . . .      Faith    .   (no shield)
rNeg    . . .      Spirit   .   b - +0 robe
rPois   .          Reflect  .   (helmet restricted)
rElec   .          Harm     .   (no cloak)
rCorr   .          Rampage  .   (no gloves)
Will    .....                   (no boots)
Stlth   ++........              (no amulet)
HPRegen 0.05/turn               (no ring)
MPRegen 0.07/turn               (no ring)

@: no status effects
A: horns 2, retaliatory headbutt
a: no special abilities


You were on level 1 of the Dungeon.
You visited 1 branch of the dungeon, and saw 1 of its levels.

Inventory:

Hand Weapons
 a - a +1 dagger (weapon)
Armour
 b - a +0 robe (worn)
Potions
 c - 2 potions of invisibility
 d - a potion of curing {unknown}
 e - a potion of haste {unknown}


   Skills:
 + Level 0.4 Fighting
 - Level 1.1 Short Blades
 + Level 0.4 Armour
 + Level 2.2 Dodging
 - Level 2.4 Stealth
 - Level 1.3 Spellcasting
 - Level 2.0 Hexes


You had 2 spell levels left.
You didn't know any spells.
Your spell library contained the following spells:

 Spells                   Type           Power      Damage    Failure   Level
 Ensorcelled Hibernation  Hex/Ice        6%         N/A       28%         2
 Confusing Touch          Hex            5%         N/A       36%         3
 Tukima's Dance           Hex            5%         N/A       36%         3
 Dazzling Flash           Conj/Hex       6%         N/A       50%         3


Dungeon Overview and Level Annotations

Branches:
Dungeon (1/15)

Altars:


Innate Abilities, Weirdness & Mutations

You have a pair of horns on your head.
You reflexively headbutt those who attack you in melee.


Message History

Options error: Bad allow_self_target value: never (should be false, prompt or true) (~/.crawlrc:178) Bad channel name for runrest: 'pray:' Options error: Bad channel -- rotten_meat (~/.crawlrc:4123) Welcome, vurker the Minotaur Enchanter.
It is said that the Orb of Zot exists deep within this dungeon.
Found a staircase leading out of the dungeon.
You enter the shallow water.
Moving in this stuff is going to be slow.
Found a bubbling pink potion and a metallic cyan potion.
Found a thin glowing staff.
d - a bubbling pink potion
e - a metallic cyan potion You enter the shallow water.
Moving in this stuff is going to be slow.
You see here a staff of cold.
A giant cockroach comes into view.
A giant cockroach is nearby!
A hobgoblin and an endoplasm come into view.
The helpless giant cockroach fails to defend itself.
You puncture the giant cockroach!
You kill the giant cockroach!
Found 5 poisoned darts.
The hobgoblin shouts!
The endoplasm jiggles.
The hobgoblin barely misses you.
You hit the hobgoblin.
The hobgoblin hits you but does no damage.
You hit the hobgoblin. The endoplasm freezes you.
You are frozen.
The hobgoblin hits you.
* * * LOW HITPOINT WARNING * * *
The hobgoblin attacks as you move away! The hobgoblin hits you.
* * * LOW HITPOINT WARNING * * *
The endoplasm attacks as you move away! The endoplasm barely misses you.
You hit the endoplasm. The endoplasm misses you.
You hit the endoplasm.
You kill the endoplasm!
You hit the hobgoblin. You headbutt the hobgoblin. The hobgoblin hits you.
You die...

≈.#≈≈###### #.. ######
≈≈≈≈≈≈#≈≈≈###.# #....##
#≈≈≈.≈.##≈.##.## #.....##
.......≈..P##..# #......###
.≈......|≈..≈..###.........
..≈≈..P..≈≈.....##.........
..P≈..≈.PP.P....##.........
..≈P..≈P.........#.......(.
P.......P.≈.....@#.....#...
.≈≈.≈.......P##..g.........
...PP≈≈......###..†........
P.........≈.## ##.......###
.≈........### ##......#
P≈P...##### #......#
..#..## #.....## ######
#....## #####


You could see a hobgoblin.

Vanquished Creatures
  An endoplasm (D:1)
  A giant cockroach (D:1)
2 creatures vanquished.

Notes
Turn   | Place    | Note
-------+----------+-------------------------------------------
     0 | D:1      | vurker the Minotaur Enchanter began the quest for the Orb.
     0 | D:1      | Reached XP level 1. HP: 14/14 MP: 1/1
    47 | D:1      | Slain by a hobgoblin

Illustrated notes

Levels and vault maps discovered:
D:1:      lemuel_arrival_muddy, layout_rooms, ebering_ecumenical_altar_rust

Action                   || total
-------------------------++-------
Melee: Dagger            ||     6
       Headbutt          ||     1
 Stab: Sleeping          ||     1
Armor: Robe              ||     1
Dodge: Dodged            ||     3

Table legend: (Time is in decaauts)
 A = Elapsed time spent in this place.
 B = Non-inter-level travel time spent in this place.
 C = Inter-level travel time spent in this place.
 D = Time resting spent in this place.
 E = Time spent auto-exploring this place.
 F = Levels seen in this place.
 G = Mean time per level.
                   A        B        C        D        E       F      G
               +--------+--------+--------+--------+--------+-----+--------+
         Total |     48 |     48 |      0 |      0 |     18 |   1 |   48.0 |
       Dungeon |     48 |     48 |      0 |      0 |     18 |   1 |   48.0 |
               +--------+--------+--------+--------+--------+-----+--------+

Top non-repeatable levels by time:
     D:1: 48 daAuts
